 Dungeon Sprint DCSS version 0.28-a0-313-gbc0475efdd (webtiles) character file.

Game seed: 1423173300411032690

130 Ankalagon the Cudgeller (level 4, -1/33 HPs)
             Began as a Palentonga Fighter on Aug 31, 2021.
             Slain by a neqoxec (11 damage)
             ... in the Dungeon (Sprint II: "The Violet Keep of Menkaure").
             The game lasted 00:00:16 (17 turns).

Ankalagon the Cudgeller (Palentonga Fighter)          Turns: 17, Time: 00:00:17

Health: -1/33      AC:  6    Str: 19    XL:     4   Next: 90%
Magic:  4/4        EV:  7    Int:  8    God:
Gold:   0          SH:  9    Dex: 11    Spells: 3/3 levels left

rFire   . . .      SeeInvis +   a - +0 flail
rCold   . . .      Faith    .   c - +0 kite shield
rNeg    . . .      Spirit   .   b - +0 scale mail
rPois   .          Reflect  .   (no helmet)
rElec   +          Harm     .   (no cloak)
rCorr   .          Rampage  .   (no gloves)
Will    .....      Rnd*Rage +   (no barding) Stlth ..........NoTele +
                                (no amulet)
HPRegen 0.11/turn               (no ring)
MPRegen 0.09/turn               (no ring)

@: on berserk cooldown, slowed, very slow
A: large, rugged brown scales 3, see invisible, deformed body, roll 1, armoured
tail, berserk 1, frail 1, electricity resistance, sturdy frame 1
a: Rolling Charge


You were in the Dungeon.
You visited 1 branch

Inventory:

Hand Weapons
 a - a +0 flail (weapon)
Armour
 b - a +0 scale mail (worn)
 c - a +0 kite shield (worn)
Scrolls
 j - a scroll of blinking
Potions
 d - a potion of might
 e - a potion of curing
 f - a potion of heal wounds
 g - a potion of haste
 h - 2 potions of magic


   Skills:
 - Level 3.0 Fighting
 + Level 7.1 Maces & Flails
 - Level 2.4 Armour
 + Level 6.2 Shields


You had 3 spell levels left.
You didn't know any spells.
Your spell library was empty.

Dungeon Overview and Level Annotations

Branches:
Dungeon (1/1)

Altars:


Innate Abilities, Weirdness & Mutations

You are completely covered in rugged brown scales. (AC +3, +7% HP)
You have supernaturally acute eyesight. (SInv)
Armour fits poorly on your strangely shaped body.
You can roll at nearby foes to attack.
You have a long armoured tail.
You tend to lose your temper in combat.
You are frail. (-10% HP)
You are resistant to electric shocks. (rElec)
Your movements are slightly less encumbered by armour. (ER -2)


Message History

You barely miss the neqoxec.
The neqoxec is almost dead.
You are no longer berserk.
You are exhausted.
You feel yourself slow down. The neqoxec gestures at you.
Something tries to feed on your intellect!
The neqoxec gestures at you.
Something tries to feed on your intellect!
You hit the neqoxec.
The neqoxec is almost dead.
The neqoxec hits you!
Ouch! That really hurt!
* * * LOW HITPOINT WARNING * * *
The neqoxec hits you but does no damage.
You thump the neqoxec!
You kill the neqoxec!
You block the neqoxec's attack. x2
Your Maces & Flails skill gained 5 levels and is now at level 7!
Your Shields skill gained 4 levels and is now at level 6!
You have reached level 2!
You have reached level 3!
Your experience leads to an increase in your attributes!
Increase (S)trength, (I)ntelligence, or (D)exterity?
You feel agile.
You have reached level 4!
You feel agile.
You closely miss the neqoxec. You tail-slap the neqoxec.
The neqoxec is lightly wounded.
You block the neqoxec's attack.
You hit the neqoxec.
The neqoxec is lightly wounded.
The neqoxec barely misses you. The neqoxec gestures at you.
Strange energies course through your body.
You feel less encumbered by your armour.
You miss the neqoxec.
Your tail-slap misses the neqoxec.
The neqoxec is lightly wounded.
The neqoxec hits you!
You die...

#+#
###.##
#@.<.+
#3##.##
#.# #+#
##


You could see a neqoxec.

Vanquished Creatures
  A neqoxec (D)
1 creature vanquished.

Vanquished Creatures (others)
  Menkaure (D)
1 creature vanquished.

Grand Total: 2 creatures vanquished

Notes
Turn   | Place    | Note
-------+----------+-------------------------------------------
     0 | D        | Ankalagon the Palentonga Fighter began the quest for the
                  | Orb.
     0 | D        | Reached XP level 1. HP: 19/19 MP: 1/1
     1 | D        | Noticed a neqoxec
     1 | D        | Noticed a neqoxec
     3 | D        | Gained mutation: You are resistant to electric shocks.
                  | (rElec) [a neqoxec]
     4 | D        | Gained mutation: You tend to lose your temper in combat. [a
                  | neqoxec]
    10 | D        | Gained mutation: You are frail. (-10% HP) [a neqoxec]
    14 | D        | Killed a neqoxec
    15 | D        | Reached skill level 7 in Maces & Flails
    15 | D        | Reached XP level 2. HP: 7/23 MP: 2/2
    15 | D        | Reached XP level 3. HP: 8/28 MP: 3/3
    15 | D        | Reached XP level 4. HP: 10/33 MP: 4/4
    15 | D        | Killed Menkaure
    16 | D        | Gained mutation: Your movements are slightly less
                  | encumbered by armour. (ER -2) [a neqoxec]
    17 | D        | Slain by a neqoxec

Illustrated notes

Levels and vault maps discovered:
D:        the_violet_keep_of_menkaure [sprint2_stairs_cluster_1,
          sprint2_shoproom, sprint2_temple, sprint2_basic_supplies,
          sprint2_obstacle_3, sprint2_obstacle_6, sprint2_obstacle_5,
          sprint2_obstacle_4, sprint2_obstacle_7, sprint2_timed_cluster_1,
          sprint2_smallroom_cluster_1, sprint2_smallroom_final_cluster_1,
          sprint2_transparent_cluster_1, sprint2_second_timed_cluster_1,
          sprint2_sniper_area_1, sprint2_heavy_combat_area_1,
          sprint2_mutation_trap_area_1, sprint2_forest_area_1,
          sprint2_light_combat_area_1, sprint2_behind_water_1,
          sprint2_near_end_vault_1]

Skill      XL: |  1 |
---------------+----+-----
Maces & Flails | 7 |  7.1
Shields        | 6 |  6.2
Fighting       | |  3.0
Armour         | |  2.4

Action                   |  1- 3 |  4- 6 || total
-------------------------+-------+-------++-------
Melee: Flail             |    11 |     3 ||    14
       Tailslap          |     1 |     1 ||     2
  Use: Potion            |     1 |       ||     1
Armor: Scale mail        |     2 |       ||     2
Dodge: Dodged            |       |     1 ||     1
Block: Kite shield       |     5 |     1 ||     6

Table legend: (Time is in decaauts)
 A = Elapsed time spent in this place.
 B = Non-inter-level travel time spent in this place.
 C = Inter-level travel time spent in this place.
 D = Time resting spent in this place.
 E = Time spent auto-exploring this place.
 F = Levels seen in this place.
 G = Mean time per level.
                   A        B        C        D        E       F      G
               +--------+--------+--------+--------+--------+-----+--------+
         Total |     21 |     21 |      0 |      0 |      0 |   1 |   21.0 |
       Dungeon |     21 |     21 |      0 |      0 |      0 |   1 |   21.0 |
               +--------+--------+--------+--------+--------+-----+--------+

Top non-repeatable levels by time:
       D: 21 daAuts
